 Dungeon Crawl Stone Soup version 0.28-a0-1235-g7c8fac35f0 (webtiles) character file.

Game seed: 13854262590173155133

47 Zonian the Insei (level 3, 0/27 HPs)
             Began as a Merfolk Transmuter on Dec 24, 2021.
             Slain by a gnoll (17 damage)
             ... on level 2 of the Dungeon.
             The game lasted 00:03:32 (3202 turns).

Zonian the Insei (Merfolk Transmuter)               Turns: 3202, Time: 00:03:33

Health: 0/27       AC:  2    Str: 10    XL:     3   Next: 70%
Magic:  11/15      EV: 13    Int: 14    God:
Gold:   70         SH:  0    Dex: 14    Spells: 3/6 levels left

rFire   . . .      SeeInvis .   c - +0 trident (flame)
rCold   . . .      Faith    .   (no shield)
rNeg    . . .      Spirit   .   a - +0 robe
rPois   .          Reflect  .   (helmet currently unavailable)
rElec   .          Harm     .   (no cloak)
rCorr   .          Rampage  .   (no gloves)
Will    .....                   (boots currently unavailable)
Stlth   +.........              (no amulet)
HPRegen 0.09/turn               b - ring of magical power
MPRegen 0.14/turn               (no ring)

@: appendages, wereblooded
A: horns 2, (nimble swimmer 2), mertail
a: End Transformation


You were on level 2 of the Dungeon.
You had temporarily grown beastly horns.
You visited 1 branch of the dungeon, and saw 3 of its levels.

You collected 70 gold pieces.

Inventory:

Hand Weapons
 c - a +0 trident of flaming (weapon)
Missiles
 d - a throwing net
 e - 36 poisoned darts
Armour
 a - a +0 robe (worn)
 i - a +0 pair of boots (melded)
Jewellery
 b - a ring of magical power (left hand)
Scrolls
 g - a scroll of acquirement {unknown}
Potions
 f - a potion of cancellation {unknown}
 h - a potion of berserk rage {unknown}


   Skills:
 + Level 1.8 Fighting
 + Level 1.8 Polearms
 + Level 3.3 Dodging
 - Level 3.3 Unarmed Combat
 + Level 2.4 Spellcasting
 + Level 3.3 Transmutations


You had 3 spell levels left.
You knew the following spells:

 Your Spells              Type           Power      Damage    Failure   Level
a - Beastly Appendage     Tmut           22%        N/A       6%          1
b - Wereblood             Tmut           11%        N/A       9%          2

Your spell library contained the following spells:

 Spells                   Type           Power      Damage    Failure   Level
 Spider Form              Tmut/Pois      6%         N/A       34%         3
 Ignite Poison            Fire/Tmut/Pois 4%         N/A       41%         3
 Dazzling Flash           Conj/Hex       2%         N/A       56%         3
 Mephitic Cloud           Conj/Pois/Air  1%         N/A       56%         3
 Ice Form                 Ice/Tmut       6%         N/A       75%         4
 Agony                    Necr           1%         N/A       99%         5
 Freezing Cloud           Conj/Ice/Air   0%         6-21      99%         5
 Silence                  Hex/Air        0%         N/A       99%         5


Dungeon Overview and Level Annotations

Branches:
Dungeon (3/15)

Altars:


Innate Abilities, Weirdness & Mutations

You have temporarily grown beastly horns.
((You are very nimble when in or above water. (Stealth+, EV+, Speed+++)))
Your lower body shifts to a powerful aquatic tail in water.


Message History

HP restored.
You start waiting.
Done waiting.
You start waiting.
Done waiting.
Unknown command.
There is a stone staircase leading up here.
You climb upwards.
There is a stone staircase leading down here.
Unknown command.
There is an open door here.
Key pressed, stopping explore.
A gnoll is nearby!
Unknown command.
Casting: Beastly Appendage (safe; 6% risk of failure)
Confirm with . or Enter, or press ? or * to list all spells.
Okay, then.
The gnoll shouts!
The gnoll throws a stone.
The stone hits you but does no damage.
Memorise Wereblood, consuming 2 spell levels and leaving 3?
You start memorising the spell.
You continue memorising. x2
You finish memorising.
Spell assigned to 'b'.
Unknown command.
A gnoll is nearby!
Unknown command.
Casting: Beastly Appendage (safe; 6% risk of failure)
Confirm with . or Enter, or press ? or * to list all spells.
Your blood is infused with primal strength.
The gnoll closely misses you.
Unknown command.
You grow a pair of large bovine horns.
Your +0 pair of boots melds into your body.
The gnoll hits you from afar with a +0 halberd!
You extend your transformation's duration.
The gnoll barely misses you.
Unknown command.
You reach to attack!
You closely miss the gnoll.
The gnoll hits you from afar with a +0 halberd!
Ouch! That really hurt!
You die...

...######.####.#.#.#.#
#....# .........>#
#...#.#.# #....#
....############.#.#.#
#....#
....#..............#.#
######
....#.##########.###.#
....#.#....# #.###.#
....#.#.##.# #...#.#
....#.#.##.#######g#.#
....#.#<##......@..#.#
###.#.##############.#
#.#................#
#.##################
###.# ....# #####


You could see a gnoll.

Vanquished Creatures
  2 gnolls (D:2)
  A dart slug (D:1)
  3 bats
  An endoplasm (D:2)
  A giant cockroach (D:2)
  A goblin (D:1)
  2 hobgoblins
  A quokka (D:1)
  5 ball pythons
  5 frilled lizards
  2 kobolds (D:1)
  3 rats
27 creatures vanquished.

Notes
Turn   | Place    | Note
-------+----------+-------------------------------------------
     0 | D:1      | Zonian the Merfolk Transmuter began the quest for the Orb.
     0 | D:1      | Reached XP level 1. HP: 15/15 MP: 3/3
   335 | D:1      | Reached XP level 2. HP: 16/21 MP: 5/5
   616 | D:1      | Reached skill level 1 in Polearms
  1551 | D:2      | Reached XP level 3. HP: 21/26 MP: 6/6
  3193 | D:2      | Learned a level 2 spell: Wereblood
  3202 | D:2      | Slain by a gnoll

Illustrated notes

Levels and vault maps discovered:
D:1:      minmay_arrival_up_and_down, layout_basic, hangedman_glass_garden
D:2:      layout_basic
D:3:      layout_loops_ring, amcnicky_altar_gilded,
          nicolae_qazlal_style_of_elements, guppyfry_early_orc_mine

Skill      XL: |  1  2 |
---------------+-------+-----
Dodging        | 3 |  3.3
Transmutations | 3 |  3.3
Polearms       | 1 |  1.8
Fighting       | |  1.8
Unarmed Combat | |  3.3
Spellcasting   | |  2.4

Action                   || total
-------------------------++-------
Melee: Trident           ||    58
       Unarmed           ||     4
       Headbutt          ||     6
 Cast: Beastly Appendage ||    26
       Wereblood         ||     1
 Stab: Sleeping          ||     4
Armor: Robe              ||     9
Dodge: Dodged            ||    41

Table legend: (Time is in decaauts)
 A = Elapsed time spent in this place.
 B = Non-inter-level travel time spent in this place.
 C = Inter-level travel time spent in this place.
 D = Time resting spent in this place.
 E = Time spent auto-exploring this place.
 F = Levels seen in this place.
 G = Mean time per level.
                   A        B        C        D        E       F      G
               +--------+--------+--------+--------+--------+-----+--------+
         Total |   3215 |   3202 |     13 |   1759 |   1052 |   3 | 1071.7 |
       Dungeon |   3215 |   3202 |     13 |   1759 |   1052 |   3 | 1071.7 |
               +--------+--------+--------+--------+--------+-----+--------+

Top non-repeatable levels by time:
     D:1: 1847 daAuts
     D:2: 904 daAuts
     D:3: 463 daAuts
